 Dungeon Crawl Stone Soup version 0.29.0-11-gd7f09526c8 (webtiles) character file.

Game seed: 6393142334143119227

17 ILmort the Trooper (level 2, -1/24 HPs)
             Began as a Demonspawn Fighter on Sept 5, 2022.
             Slain by Sigmund
             ... wielding a +0 scythe
              (5 damage)
             ... on level 2 of the Dungeon.
             The game lasted 00:02:22 (1031 turns).

ILmort the Trooper (Demonspawn Fighter)             Turns: 1031, Time: 00:02:23

Health: -1/24      AC:  6    Str: 16    XL:     2   Next: 44%
Magic:  2/2        EV:  8    Int:  9    God:
Gold:   65         SH:  4    Dex: 12    Spells: 1/1 levels left

rFire   . . .      SeeInvis .   a - +0 flail
rCold   . . .      Faith    .   c - +0 buckler
rNeg    . . .      Spirit   .   b - +0 scale mail
rPois   .          Reflect  .   (no helmet)
rElec   .          Harm     .   (no cloak)
rCorr   .          Rampage  .   (no gloves)
Will    .....                   (no boots)
Stlth   ..........              (no amulet)
HPRegen 0.08/turn               (no ring)
MPRegen 0.16/turn               (no ring)

@: mighty
A: magic regeneration
a: no special abilities


You were on level 2 of the Dungeon.
You visited 1 branch of the dungeon, and saw 2 of its levels.

You collected 65 gold pieces.

Inventory:

Hand Weapons
 a - a +0 flail (weapon)
Armour
 b - a +0 scale mail (worn)
 c - a +0 buckler (worn)
Scrolls
 e - a scroll of magic mapping {unknown}
 f - 2 scrolls of butterflies {unknown}
 h - a scroll of noise {unknown}
 i - a scroll of teleportation {unknown}
 j - a scroll of identify {unknown}
Potions
 g - a potion of lignification {unknown}
 k - 2 potions of attraction {unknown}


   Skills:
 * Level 3.4 Fighting
 - Level 1.7 Maces & Flails
 + Level 2.9 Armour
 + Level 2.9 Shields


You had one spell level left.
You didn't know any spells.
Your spell library was empty.

Dungeon Overview and Level Annotations

Branches:
Dungeon (2/15)

Altars:

Shops:
D:1 [

Annotations:
D:2 Sigmund


Innate Abilities, Weirdness & Mutations

You regenerate magic rapidly.


Message History

No target in view!
No target in view!
No target in view!
You now have 49 gold pieces (gained 6).
Found Deajel's Armour Emporium.
Found an escape hatch in the floor.
There is an entrance to Deajel's Armour Emporium here.
There is an escape hatch in the floor here.
You now have enough gold to buy a +0 kite shield on this level, or buy a +0 cloak on this level.
You now have 59 gold pieces (gained 10).
You see here a +0 club.
Done exploring.
Done exploring.
(D) Dungeon
Where to? (? - help)
What level of the Dungeon? (default 1, ? - help)
You see here a +0 club.
There is a stone staircase leading down here.
You climb downwards.
Found 4 stones and a robe.
There is a stone staircase leading up here.
You open the door.
There is an open door here.
You now have 65 gold pieces (gained 6).
Sigmund the Dreaded comes into view.
He is wielding a +0 scythe.
Sigmund casts a spell.
Sigmund flickers and vanishes!
Deactivating autopickup; reactivate with Ctrl-A.
You completely miss something. Something hits you.
You sock something! Something hits you.
You hit something but do no damage. Something hits you.
You feel very mighty all of a sudden.
You miss something. Something hits you.
You miss something.
You hear some strange, mumbled words.
Something tries to affect you, but you resist.
You closely miss something. Something hits you.
* * * LOW HITPOINT WARNING * * *
You miss something. Something hits you.
You die...

#..... .........
#....< #........
#..... #........
........ #........
#####.#. #........
#.#. #........
#.#. #{....... .
#.
#@################
#.................
##################


There were no monsters in sight!

Vanquished Creatures
  A dart slug (D:1)
  3 ball pythons (D:1)
  3 endoplasms (D:1)
  A goblin (D:1)
  2 hobgoblins (D:1)
  A bat (D:1)
  2 kobolds (D:1)
  A rat (D:1)
14 creatures vanquished.

Notes
Turn   | Place    | Note
-------+----------+-------------------------------------------
     0 | D:1      | ILmort the Demonspawn Fighter began the quest for the Orb.
     0 | D:1      | Reached XP level 1. HP: 18/18 MP: 1/1
   382 | D:1      | Gained mutation: You regenerate magic rapidly. [demonic
                  | ancestry]
   382 | D:1      | Reached XP level 2. HP: 18/24 MP: 2/2
   602 | D:1      | Found a faded altar of an unknown god.
   883 | D:1      | Found Deajel's Armour Emporium.
  1022 | D:2      | Noticed Sigmund
  1031 | D:2      | Slain by Sigmund

Illustrated notes

Levels and vault maps discovered:
D:1:      dpeg_arrival_fog, layout_basic, serial_shops,
          nicolae_shop_statue_plus,
          dreamdust_ecumenical_altar_hidden_monk_grotto
D:2:      layout_basic, kennysheep_doodads, uniq_sigmund, uniq_natasha

Action                   || total
-------------------------++-------
Melee: Flail             ||    36
  Use: Potion            ||     1
Armor: Scale mail        ||    11
Dodge: Dodged            ||     6
Block: Buckler           ||     2
